 Dungeon Crawl Stone Soup version 0.15.2 (console) character file.

18515 Gorbad the Cleaver (level 12, -8/96 HPs)
             Began as a Formicid Fighter on Apr 2, 2015.
             Was a Believer of the Shining One.
             Mangled by Rupert
             ... wielding a +2 great mace of holy wrath
              (38 damage)
             ... on Level 3 of the Lair of Beasts.
             The game lasted 01:01:00 (14585 turns).

Gorbad the Cleaver (Formicid Fighter)              Turns: 14585, Time: 01:01:00

HP  -8/96        AC 21     Str 26      XL: 12   Next: 96%
MP  26/26        EV 12     Int  6      God: the Shining One [**....]
Gold 906         SH 12     Dex 14      Spells:  0 memorised, 11 levels left

rFire  . . .     SeeInvis +     a - +5 war axe (chop)
rCold  . . .     Clarity  .     i - +4 chain mail
rNeg   + . .     rCorr    .     c - +0 shield
rPois  .         rRot     .     (helmet unavailable)
rElec  .         Spirit   .     v - +0 cloak
SustAb .         Warding  .     p - +2 pair of gloves
rMut   .         Stasis   +     (no boots)
Gourm  .                        (no amulet)
MR     +....                    y - +4 ring of evasion
                                w - +4 ring of strength

@: glowing, somewhat resistant to hostile enchantments, extremely unstealthy
A: permanent stasis, dig shafts and tunnels, four strong arms, antennae 3, claws
1, thin metallic scales 1, dopey 1
a: Dig, Shaft Self, Divine Shield, Renounce Religion


You were on level 3 of the Lair of Beasts.
You worshipped the Shining One.
The Shining One was pleased with you.
You were not hungry.

You visited 3 branches of the dungeon, and saw 16 of its levels.

You collected 1186 gold pieces.
You spent 280 gold pieces at shops.

Inventory:

Hand weapons
 a - a +5 war axe of chopping (weapon)
Armour
 c - a +0 shield (worn)
 i - a +4 chain mail (worn)
 p - a +2 pair of gloves (worn)
 v - a +0 cloak (worn)
Magical devices
 b - a wand of slowing (12)
 l - a wand of teleportation (3)
 F - a wand of draining (4)
 H - a wand of fire (8)
 J - a wand of enslavement (24)
 R - a wand of paralysis (8)
 U - a wand of invisibility (5)
 X - a wand of magic darts (12)
Comestibles
 d - 10 bread rations
 o - 3 slices of pizza
 q - 3 chunks of crocodile flesh
 r - 7 meat rations
 C - a royal jelly
 P - 20 fruits
 Z - a beef jerky
Scrolls
 f - 10 scrolls of identify
 m - 3 scrolls of recharging
 s - a scroll of fog
 I - 3 scrolls of magic mapping
 L - 3 scrolls of amnesia
 Y - a scroll of brand weapon
Jewellery
 j - an uncursed amulet of warding {unknown}
 w - a +4 ring of strength (left hand)
 x - an uncursed ring of flight
 y - a +4 ring of evasion (right hand)
 E - an uncursed ring of see invisible
 G - an uncursed ring of protection from cold
 M - an uncursed amulet of resist corrosion {unknown}
 O - an uncursed amulet of faith
Potions
 e - 3 potions of might
 g - 4 potions of haste {unknown}
 k - 4 potions of curing
 n - a potion of magic {unknown}
 t - a potion of berserk rage {unknown}
 u - 5 potions of heal wounds
 z - 3 potions of brilliance {unknown}
 A - 2 potions of poison {unknown}
 B - a potion of resistance {unknown}
 D - a potion of confusion {unknown}
 N - 2 potions of lignification {unknown}
 Q - a potion of flight {unknown}
 S - a potion of restore abilities
Books
 h - a book of the Dragon

   Spells                             Type                      Level
   Flight                             Charms/Air                   3
   Cause Fear                         Hexes                        4
   Bolt of Fire                       Conjuration/Fire             6
   Dragon Form                        Transmutation                7
   Dragon's Call                      Summoning                    9
 K - a book of the Warp

   Spells                             Type                      Level
   Control Teleport                   Charms/Translocation         4
   Phase Shift                        Translocation                5
   Warp Weapon                        Charms/Translocation         5
   Dispersal                          Translocation                6
   Controlled Blink                   Translocation                7
   Disjunction                        Translocation                8
 T - a book of Summonings

   Spells                             Type                      Level
   Abjuration                         Summoning                    3
   Recall                             Summoning/Translocation      3
   Shadow Creatures                   Summoning                    5
   Summon Demon                       Summoning                    5
   Summon Forest                      Summoning/Translocation      5
   Monstrous Menagerie                Summoning                    6
 V - a book of Debilitation

   Spells                             Type                      Level
   Corona                             Hexes                        1
   Slow                               Hexes                        2
   Inner Flame                        Hexes/Fire                   3
   Enslavement                        Hexes                        4
   Cause Fear                         Hexes                        4
   Leda's Liquefaction                Hexes/Earth                  4
 W - a book of Control

   Spells                             Type                      Level
   Control Teleport                   Charms/Translocation         4
   Control Undead                     Necromancy                   4
   Enslavement                        Hexes                        4
   Metabolic Englaciation             Hexes/Ice                    5
   Mass Confusion                     Hexes                        6


   Skills:
 + Level 9.6 Fighting
 + Level 11.9 Axes
 + Level 7.6 Armour
 + Level 6.9 Dodging
 - Level 9.9 Shields
 + Level 9.1 Invocations


You had 11 spell levels left.
You didn't know any spells.

Dungeon Overview and Level Annotations

Branches:
Dungeon (11/15)            Temple (1/1) D:6             Orc (0/4) D:9
   Lair (4/8) D:11          Swamp (0/5) Lair:4
  Snake: Lair:3-6    Spider: Lair:3-6

Altars:
Ashenzari
Cheibriados
Dithmenos
Elyvilon
Fedhas
Kikubaaqudgha
Makhleb
Nemelex Xobeh
Okawaru
Qazlal
Sif Muna
Trog
Vehumet
Xom
Yredelemnul
Zin
The Shining One

Shops:
D:6 ?   D:7 ?   D:8 ?   D:11 !

Annotations:
Lair:3 Rupert


Innate Abilities, Weirdness & Mutations

Your are under a permanent stasis effect.
You can dig through walls and to a lower floor.
Your four strong arms can wield two-handed weapons with a shield.
You have a pair of large antennae on your head (SInv).
You have sharp fingernails.
You are partially covered in thin metallic scales (AC +2).
You are dopey. (Int -2)


Message History

Rupert hits you with a runed great mace.
You slash Rupert!
Rupert is heavily wounded.
You hit Rupert but do no damage.
Rupert is heavily wounded.
Rupert hits you with a runed great mace!
You slash Rupert!
Rupert is heavily wounded.
Rupert roars madly and goes into a rage!
Rupert goes berserk!
You barely miss Rupert.
Rupert is heavily wounded.
Rupert hits you with a runed great mace!
You slash Rupert!
Rupert is severely wounded.
Rupert closely misses you.
You slash Rupert!
Rupert is severely wounded.
Rupert hits you with a runed great mace!!!
You die...

.................................
....%............................
.................................
..........................%......
..........................#....##
..##.#.........P#.#.#....####.###
..##.%##.....######≈..≈..P.##.###
.++...##....#.......≈≈≈≈.......#
.##...##.......@@..≈≈≈≈≈≈≈.....##
.##...#......#.....≈≈≈≈≈........#
..#...#......#.....≈≈≈≈≈≈>..#P..#
.P##.........#.....≈≈≈≈≈....##.#.
.#######....#...#...≈≈≈≈≈..###'#.
............##.#.#..≈≈≈≈≈≈.......
.....................≈≈≈≈≈.......
......................≈≈.≈.......
.....<...........................


You could see Rupert (berserk).

Vanquished Creatures
  An unseen horror (D:10)
  A hill giant (D:11)
  Pikel (D:8)
  2 ugly things (D:11)
  A cyclops (D:11)
  A black mamba (Lair:4)
  A centaur skeleton (D:11)
  A spiny frog (Lair:3)
  A feature mimic (D:8)
  The ghost of edsrzf the Covert, an experienced OpAs (D:7)
  2 komodo dragons
  A troll (D:9)
  A hydra zombie (D:10)
  A trapdoor spider zombie (D:10)
  Prince Ribbit (D:4)
  A hill giant zombie (D:9)
  2 shadows (D:11)
  A spriggan (D:7)
  A deep elf fighter (D:11)
  Eustachio (D:8)
  9 yaks
  7 hippogriffs
  5 porcupines
  Edmund (D:6)
  4 vampire mosquitoes (Lair:4)
  5 wolves (Lair:2)
  5 water moccasins
  3 black bears
  A phantom (D:5)
  6 ogres
  3 ice beasts
  6 sky beasts
  6 orc warriors
  A slave (D:8)
  8 centaurs
  8 crocodiles
  The ghost of Ark the Covered, an average GrFi (D:3)
  4 big kobolds
  9 giant frogs
  A wyvern skeleton (D:8)
  A gnoll sergeant (D:10)
  11 killer bees
  3 scorpions
  2 yak zombies
  4 electric eels (Lair:2)
  8 wights
  4 crimson imps
  A goliath beetle (D:7)
  6 orc priests
  14 hounds
  8 iguanas
  12 orc wizards
  10 worker ants
  A hound skeleton (D:6)
  4 gnolls (D:10)
  29 green rats
  16 adders
  2 giant mites
  2 shadow imps
  4 worms
  An iguana zombie (D:11)
  A giant eyeball (D:11)
  5 giant geckos
  An ooze (D:4)
  59 orcs
  A ball python (D:1)
  17 bats
  A bat zombie (D:7)
  5 giant cockroaches
  13 hobgoblins
  5 jackals
  21 kobolds
  15 quokkas
  6 giant newts
  12 goblins
  A hobgoblin zombie (D:11)
  A jackal skeleton (D:4)
  2 orc skeletons
  An orc zombie (D:8)
  27 rats
  A rat zombie (D:6)
  5 ballistomycetes (D:10)
  A butterfly (D:7)
  3 fungi (D:11)
  4 plants
467 creatures vanquished.

Vanquished Creatures (collateral kills)
  A centaur (D:5)
1 creature vanquished.

Vanquished Creatures (others)
  2 slaves (D:8)
  An orc priest (D:8)
  2 orcs (D:8)
  A giant spore (D:10)
6 creatures vanquished.

Grand Total: 474 creatures vanquished

Notes
Turn   | Place    | Note
--------------------------------------------------------------
     0 | D:1      | Gorbad, the Formicid Fighter, began the quest for the Orb.
     0 | D:1      | Reached XP level 1. HP: 18/18 MP: 1/1
   251 | D:1      | Reached XP level 2. HP: 24/24 MP: 3/3
   840 | D:1      | Reached XP level 3. HP: 30/30 MP: 4/4
  1156 | D:2      | Reached skill level 4 in Fighting
  1336 | D:2      | Reached XP level 4. HP: 32/37 MP: 5/5
  1832 | D:2      | Reached XP level 5. HP: 39/43 MP: 7/7
  1925 | D:3      | Noticed Ark's ghost (average GrFi)
  2242 | D:3      | Found a radiant altar of Vehumet.
  2246 | D:3      | Found a sparkling altar of Nemelex Xobeh.
  2462 | D:3      | Reached skill level 5 in Fighting
  2484 | D:3      | Killed Ark's ghost
  2484 | D:3      | Reached XP level 6. HP: 51/51 MP: 8/8
  2668 | D:4      | Noticed Prince Ribbit
  2705 | D:4      | Killed Prince Ribbit
  2705 | D:4      | Reached skill level 6 in Fighting
  2705 | D:4      | Reached skill level 5 in Axes
  2705 | D:4      | Reached XP level 7. HP: 42/58 MP: 9/9
  2934 | D:4      | Found a burning altar of Makhleb.
  3118 | D:4      | Found an ancient bone altar of Kikubaaqudgha.
  3456 | D:5      | Entered Level 5 of the Dungeon
  3518 | D:5      | Gained mutation: You have difficulty communicating with the divine. [mutagenic meat]
  3519 | D:5      | Lost mutation: You have difficulty communicating with the divine. [mutagenic meat]
  3583 | D:5      | Reached XP level 8. HP: 65/65 MP: 11/11
  3587 | D:5      | Reached skill level 5 in Shields
  4578 | D:6      | Reached skill level 7 in Axes
  4730 | D:6      | Noticed Edmund
  4762 | D:6      | Killed Edmund
  4812 | D:6      | Reached XP level 9. HP: 41/71 MP: 12/12
  4945 | D:6      | Found a staircase to the Ecumenical Temple.
  4957 | Temple   | Entered the Ecumenical Temple
  5062 | Temple   | Became a worshipper of the Shining One
  5229 | D:6      | Found Taackip's Magic Scroll Boutique.
  5427 | D:7      | Reached skill level 8 in Axes
  5714 | D:7      | Found Pnaisuaf's Magic Scroll Shoppe.
  5732 | D:7      | Bought a scroll of brand weapon for 280 gold pieces
  5736 | D:7      | Found a shimmering altar of Xom.
  5870 | D:7      | Reached skill level 9 in Shields
  6100 | D:7      | Noticed edsrzf's ghost (experienced OpAs)
  6119 | D:7      | Killed edsrzf's ghost
  6285 | D:7      | Reached XP level 10. HP: 69/77 MP: 13/13
  6496 | D:7      | Reached skill level 1 in Dodging
  6496 | D:7      | Reached skill level 1 in Invocations
  6613 | D:8      | Found a snail-covered altar of Cheibriados.
  6693 | D:8      | Noticed Eustachio
  6723 | D:8      | Killed Eustachio
  6746 | D:8      | Noticed Pikel
  6746 | D:8      | Acquired the Shining One's first power
  6795 | D:8      | Killed Pikel
  7346 | D:8      | Reached skill level 5 in Armour
  7353 | D:8      | Gained mutation: You are partially covered in thin metallic scales (AC +2). [mutagenic meat]
  7354 | D:8      | Gained mutation: You are dopey. (Int -2) [mutagenic meat]
  7624 | D:8      | Found a staircase to the Lair.
  7626 | D:8      | the staircase to the Lair was a mimic.
  7639 | D:8      | Reached skill level 10 in Axes
  7646 | D:8      | Killed a staircase mimic
  7719 | D:8      | Found Ownex's Magic Scroll Boutique.
  8165 | D:9      | Found a staircase to the Orcish Mines.
  8197 | D:9      | Reached XP level 11. HP: 16/83 MP: 21/21
  8206 | D:9      | HP: 2/83 [orc priest/divine providence (16)]
  8739 | D:9      | Reached skill level 5 in Invocations
  9198 | D:10     | Entered Level 10 of the Dungeon
  9811 | D:10     | Noticed an unseen horror
  9815 | D:10     | Killed an unseen horror
 10267 | D:11     | Acquired the Shining One's second power
 10290 | D:11     | Noticed a cyclops
 10295 | D:11     | Noticed a white ugly thing
 10327 | D:11     | Killed a white ugly thing
 10327 | D:11     | Reached skill level 5 in Dodging
 10340 | D:11     | Killed a cyclops
 10340 | D:11     | Reached skill level 11 in Axes
 10465 | D:11     | Gained mutation: You have sharp fingernails. [mutagenic meat]
 10585 | D:11     | Reached XP level 12. HP: 94/94 MP: 25/25
 10691 | D:11     | Found Mnabiawu's Distillery.
 10744 | D:11     | Noticed a hill giant
 10754 | D:11     | Killed a hill giant
 10813 | D:11     | Noticed a cyan ugly thing
 10826 | D:11     | Killed a cyan ugly thing
 11130 | D:11     | Found a staircase to the Lair.
 11397 | Lair:1   | Entered Level 1 of the Lair of Beasts
 12548 | Lair:2   | Got an ichor-stained ring mail
 12559 | Lair:2   | Identified the cursed -9 ring mail of Vexation {Str+3 Dex-4} (You found it on level 2 of the Lair of Beasts)
 13755 | Lair:3   | Noticed Rupert
 13884 | Lair:4   | Found a staircase to the Swamp.
 14585 | Lair:3   | Mangled by Rupert

Action                   |  1- 3 |  4- 6 |  7- 9 | 10-12 || total
-------------------------+-------+-------+-------+-------++-------
Melee: War axe           |    82 |   140 |   418 |   753 ||  1393
 Abil: Dig               |       |       |     2 |     7 ||     9
Evoke: Wand              |     1 |     2 |     7 |    10 ||    20
  Use: Scroll            |       |       |     1 |    23 ||    24
       Potion            |       |       |     1 |     3 ||     4
 Stab: Confused          |     1 |     1 |       |       ||     2
  Eat: Chunk             |     1 |     4 |    15 |    27 ||    47
       Beef jerky        |       |       |       |     1 ||     1
       Pizza             |       |       |       |     1 ||     1
       Fruit             |       |       |       |     1 ||     1
